[Event "*** SCC Grand Prix: Titled Tuesday Blitz"]
[Site "Chess.com"]
[Date "2020.07.21"]
[Round "5"]
[White "LPSupi"]
[Black "Violord"]
[Result "1-0"]
[WhiteElo "2867"]
[BlackElo "2631"]
[TimeControl "180+1"]
[EndTime "10:56:32 PDT"]
[Termination "LPSupi won by checkmate"]

1. e4 e5 2. Nf3 Nc6 3. Bb5 Nf6 4. d3 d6 5. O-O Bd7 6. c3 g6 7. Bg5 Bg7 8. Nbd2 O-O 9. Re1 Qe8 10. a4 Nh5 11.
Nf1 f5 12. exf5 gxf5 13. d4 e4 14. d5 Nb8 15. Nd4 Qg6 16. Bxd7 Nxd7 17. Ne6 Ne5 18. Ng3 Nxg3 19. hxg3 Rf7 20. Be3 Ng4 21. Nf4 Qh6 22.
Nh3 Qh5 23. Bf4 Be5 24. Kf1 Re8 25. a5 a6 26. Qa4 Ree7 27. Qb4 e3 28. Bxe3 Bxg3 29.
Bg5 Re5 30. Bf4 Bxf4 31. Qxf4 Rg7 32. f3 Rxe1+ 33. Rxe1 Ne5 34. Re3 Qf7 35. Qd4 h6 36.
Nf4 Qf6 37. Re1 Qg5 38. Qd2 h5 39. b3 h4 40. Qe3 h3 41. gxh3 Qh4 42. Ke2 Rg3 43.
Rg1 Kf7 44. Ne6 f4 45. Qf2 Qxh3 46. Nxf4 Rxg1 47. Nxh3 Rh1 48. Qh4 Rh2+ 49. Kf1 Ng6 50. Ng5+ Kf6 51. Qxh2 Kxg5 52. Qg1+ Kf5 53. Qa7 Ne5 54.
Qxb7 Kf4 55. Qxa6 Kxf3 56. Qe2+ Kf4 57. a6 Nf3 58. a7 Nd2+ 59. Qxd2+ Ke4 60. a8=Q Ke5 61.
Qc6 Ke4 62. Qxc7 Ke5 63. Qe7+ Kf5 64. Qf2+ Kg4 65. Qg7+ Kh5 66. Qh2# 1-0

[Event "*** SCC Grand Prix: Titled Tuesday Blitz"]
[Site "Chess.com"]
[Date "2020.07.21"]
[Round "5"]
[White "LuisFSiles"]
[Black "aa175"]
[Result "0-1"]
[WhiteElo "2335"]
[BlackElo "2491"]
[TimeControl "180+1"]
[EndTime "10:56:32 PDT"]
[Termination "aa175 won by resignation"]

1. e4 c5 2. c3 Nf6 3. e5 Nd5 4. Nf3 Nc6 5. d4 cxd4 6. cxd4 d6 7. Bc4 Nb6 8. Bb5 dxe5 9. Nxe5 Bd7 10. Nxd7 Qxd7 11.
O-O e6 12. Qg4 a6 13. Bxc6 bxc6 14. Nc3 g6 15. Be3 Bg7 16. Rac1 O-O 17. Rfd1 Nd5 18. Na4 Rab8 19. b3 Nb4 20. Nc5 Qd5 21. Qe2 Qd6 22. Rc4 Nxa2 23. Qxa2 Rfd8 24. h3 e5 25. Rcc1 exd4 26.
Bg5 Re8 27. Qxa6 Rb5 28. Nd3 Rxg5 29. Qxc6 Qb8 30. b4 Bh6 31. Re1 Rd8 32. Qc7 Qa8 33. Qc6 Qb8 34. b5 Qxb5 35. Qxb5 Rxb5 36. Rc4 Rb3 37.
Rd1 Rc3 38. Nb2 Rb3 39. Nd3 Bg7 40. Nc5 Rb6 41. Nd3 Rbd6 42. g4 h6 43. Nf4 Kh7 44.
Nd3 R6d7 45. f3 Re7 46. Rd2 Re3 47. Kf2 Rde8 48. Nb2 Rc3 49. Nd3 Rxc4 50. Nb2 Rc3 51. Nd1 Ree3 52. Nxc3 Rxc3 53. Rd1 Rc2+ 54. Kg3 Rc3 55.
Kf2 g5 56. Kg3 Kg6 57. h4 Be5+ 58. Kh3 Bf4 59. h5+ Kf6 60. Rxd4 Rxf3+ 61. Kg2 Rg3+ 62. Kf2 Be3+ 63. Ke2 Bxd4 64. Kf1 Ke5 65. Ke2 Kf4 66. Kd2 Re3 67. Kc1 Kxg4 68. Kb1 Kxh5 69. Ka2 f5 70. Kb1 f4 0-1

[Event "*** SCC Grand Prix: Titled Tuesday Blitz"]
[Site "Chess.com"]
[Date "2020.07.21"]
[Round "5"]
[White "Chessdemon2019"]
[Black "Ermito2020"]
[Result "0-1"]
[WhiteElo "2362"]
[BlackElo "2584"]
[TimeControl "180+1"]
[EndTime "10:56:33 PDT"]
[Termination "Ermito2020 won by checkmate"]

1. e4 e5 2. Nf3 Nc6 3. Bc4 Nf6 4.
d3 Bc5 5. c3 d6 6. Nbd2 a6 7.
a4 Ba7 8. h3 O-O 9. O-O Ne7 10.
Re1 Ng6 11. Nf1 h6 12. Ng3 Re8 13. Bb3 Be6 14. Bc2 d5 15. exd5 Qxd5 16. Ne4 Nxe4 17.
dxe4 Qxd1 18. Rxd1 Rad8 19. Be3 Bxe3 20. fxe3 f6 21. Kf2 Ne7 22. Nh4 Nc8 23. Nf5 Kh7 24. g4 g6 25. Ng3 Kg7 26. Ke2 a5 27. Rxd8 Rxd8 28. b3 b6 29. Rd1 Rxd1 30. Kxd1 Nd6 31. Kc1 h5 32. gxh5 Bxh3 33. hxg6 Kxg6 34. Kd2 Kg5 35. Ke2 Be6 36. Kf3 Nb7 37. b4 Nd6 38. Ne2 Bg4+ 39. Kf2 Bxe2 40. Kxe2 c5 41. bxc5 bxc5 42. Kf3 Nc4 43. Bd3 Nd6 44. Ba6 Kh4 45.
Bf1 Nf7 46. Kf2 Ng5 47. Bd3 Kg4 48. Be2+ Kh4 49. Bd3 Kh3 50. Bf1+ Kh2 51. Bd3 Nf7 52.
Bc4 Ng5 53. Bd3 Nh3+ 54. Kf3 Kg1 55. Kg3 Nf2 56. Bc2 Kf1 57. Kf3 Ke1 58. Bb3 Nd3 59. Kg4 Kd2 60. Kf5 Kxc3 61. Bd5 Kd2 62. Kxf6 Kxe3 63. Ke6 Kd4 64. Kd6 c4 65. Kc6 c3 66.
Bb3 c2 67. Bxc2 Nb4+ 68. Kb5 Nxc2 69. Kxa5 Kxe4 70. Kb5 Nd4+ 71. Kb6 Kd5 72. a5 e4 73. a6 Nc6 74. a7 Nxa7 75. Kxa7 e3 76. Kb7 e2 77. Kc7 e1=Q 78. Kd7 Qe6+ 79. Kc7 Qe7+ 80.
Kb8 Kc6 81. Ka8 Qb7# 0-1

[Event "*** SCC Grand Prix: Titled Tuesday Blitz"]
[Site "Chess.com"]
[Date "2020.07.21"]
[Round "5"]
[White "eljanov"]
[Black "CroissantNeuf"]
[Result "1/2-1/2"]
[WhiteElo "2836"]
[BlackElo "2445"]
[TimeControl "180+1"]
[EndTime "10:56:35 PDT"]
[Termination "Game drawn - timeout vs insufficient material"]

1. e4 c5 2. Nf3 e6 3. d4 cxd4 4. Nxd4 Nf6 5. Nc3 Nc6 6. Nxc6 bxc6 7. e5 Nd5 8. Ne4 Qc7 9. f4 Qb6 10. c4 Bb4+ 11. Ke2 f5 12. Nf2 Ba6 13. Kf3 Ne7 14. Be3 c5 15. h4 Rb8 16. Kg3 Qc7 17. Rb1 O-O 18. Qd6 Qxd6 19. exd6 Nc8 20. a3 Bxa3 21.
Ra1 Bxb2 22. Rxa6 Rb3 23. Bd3 e5 24. Re1 exf4+ 25. Bxf4 Bd4 26. Rd1 Re8 27. Nh3 Re5 28.
Bxe5 Bxe5+ 29. Kf3 Nxd6 30. Rxa7 Nxc4 31. Rxd7 Nb2 32. Ng5 Kf8 33. Ke2 Nxd1 34. Kxd1 Rb2 35. Bxf5 Rxg2 36. Bxh7 Ke8 37. Rb7 Rh2 38. Bg6+ Kd8 39.
Nf3 Rh3 40. Nxe5 Rxh4 41. Nf7+ Kc8 42. Nd6+ Kd8 43. Kc2 Rd4 44. Nf5 Rd5 45. Nxg7 Rg5 46. Ne6+ Kc8 47. Nxg5 Kxb7 48. Kc3 Kc6 49. Kc4 Kd6 50.
Ne4+ Kc6 51. Nxc5 Kd6 52. Kd4 Kc6 53. Be4+ Kd6 54. Bd5 Kc7 55. Ke5 Kb6 56. Kd4 Kc7 57. Be4 Kd6 58. Bf5 Kc6 59. Ne4 Kc7 60. Kc5 Kb7 61.
Nd6+ Kc7 62. Kd5 Kb6 63. Bd3 Ka5 1/2-1/2

[Event "*** SCC Grand Prix: Titled Tuesday Blitz"]
[Site "Chess.com"]
[Date "2020.07.21"]
[Round "5"]
[White "ChessAurochs"]
[Black "MF1966Idrisov"]
[Result "1-0"]
[WhiteElo "2517"]
[BlackElo "2352"]
[TimeControl "180+1"]
[EndTime "10:56:35 PDT"]
[Termination "ChessAurochs won on time"]

1. e4 d6 2. d4 e5 3. c3 Nf6 4. Bd3 Be7 5. Nf3 Nbd7 6. O-O c6 7. a4 Qc7 8. Re1 Nf8 9. a5 Ng6 10. h3 O-O 11. Nbd2 Nf4 12. Bc2 h6 13. Nf1 g5 14.
Ne3 Bd7 15. Nf5 Bxf5 16. exf5 Rad8 17. Kh2 Rfe8 18. g3 N4d5 19. Kg2 Qc8 20. Bd2 e4 21. Bxe4 Nxe4 22. Rxe4 Qxf5 23. Qe2 Rd7 24. Re1 Kf8 25. c4 Nf6 26. Re3 d5 27. cxd5 Qxd5 28. Re5 Qd6 29.
Qc4 Nd5 30. h4 Rdd8 31. hxg5 hxg5 32. Bxg5 Bxg5 33. Nxg5 Rxe5 34. dxe5 Qg6 35. Nf3 Kg8 36. Rh1 Re8 37. Rh4 Kf8 38. Rh8+ Ke7 39. Qc5+ Kd7 40.
Rxe8 Kxe8 41. b4 Nf4+ 42. Kg1 Qb1+ 43. Kh2 Qh7+ 44. Nh4 Nd3 45. Qd4 Ne1 46. Qe3 Nc2 47. Qd2 Qe4 48. f3 Qc4 49. Nf5 Qa2 50. Qd6 Ne3+ 51.
Kh3 Nxf5 52. Qb8+ Ke7 53. Qxb7+ Ke6 54. Qxc6+ Kxe5 55. f4+ Kd4 56. Qf6+ Ke4 57. Qe5+ Kf3 58. Qd5+ Ke3 59. Qxa2 1-0

[Event "*** SCC Grand Prix: Titled Tuesday Blitz"]
[Site "Chess.com"]
[Date "2020.07.21"]
[Round "5"]
[White "chalowey97"]
[Black "Pavel_Mir"]
[Result "0-1"]
[WhiteElo "2126"]
[BlackElo "2342"]
[TimeControl "180+1"]
[EndTime "10:56:36 PDT"]
[Termination "Pavel_Mir won by checkmate"]

1. d4 Nf6 2. Nf3 c5 3. d5 b5 4. c4 Bb7 5. Nc3 b4 6. Nb1 g6 7. g3 Bg7 8. Bg2 O-O 9. O-O d6 10. Re1 a5 11. e4 Nfd7 12. Bf4 Na6 13. Qc2 Nb6 14. Nbd2 a4 15. e5 b3 16. axb3 Nb4 17. Qc3 axb3 18. Rxa8 Qxa8 19. Qxb3 Qa5 20. exd6 exd6 21.
Bxd6 Rc8 22. Bh3 f5 23. Ng5 N4xd5 24. cxd5 Qxd2 25. Nf3 Qxd5 26. Qxd5+ Bxd5 27. Ne5 c4 28. f4 Na4 29. Ba3 Be4 30. Bf1 Bxe5 31. fxe5 Kf7 32. Rc1 Nb6 33. Kf2 Ke6 34. Bd6 Bd5 35. h4 Ra8 36. Bc7 Ra2 37. Rc2 Na4 38. Bxc4 Bxc4 39. Rxc4 Rxb2+ 40. Kf3 Rb3+ 41. Kf4 Nc3 42. Rc6+ Kd7 43.
Rc4 Nd5+ 44. Kg5 Nxc7 45. Kh6 Rxg3 46. Kxh7 Ne6 47. Ra4 Rg4 48. Ra7+ Kc6 49. Ra6+ Kd5 50. Kh6 Kxe5 51. Ra5+ Kf6 52. h5 Rh4 53. Kh7 Rxh5+ 54. Kg8 f4 55. Ra2 Rf5 56. Rg2 f3 57. Rf2 g5 58. Kh7 g4 59. Rh2 g3 60. Rh6+ Ke5 61.
Kg6 Rf6+ 62. Kh7 Rxh6+ 63. Kxh6 g2 64. Kh5 g1=Q 65. Kh4 Qh2+ 66. Kg4 Qg2+ 67. Kh4 Qg5+ 68. Kh3 Nf4+ 69. Kh2 Qg2# 0-1

[Event "*** SCC Grand Prix: Titled Tuesday Blitz"]
[Site "Chess.com"]
[Date "2020.07.21"]
[Round "5"]
[White "FabianoCaruana"]
[Black "Man-Chuk"]
[Result "1-0"]
[WhiteElo "3052"]
[BlackElo "2846"]
[TimeControl "180+1"]
[EndTime "10:56:37 PDT"]
[Termination "FabianoCaruana won by checkmate"]

1. e4 e5 2. Nf3 Nc6 3. Bb5 Nf6 4. d3 Bc5 5. Bxc6 dxc6 6. Nbd2 O-O 7. Nc4 Nd7 8. O-O Re8 9. Kh1 Bf8 10. Ng1 Nc5 11.
Ne2 a5 12. Ng3 b5 13. Ne3 a4 14. Nef5 Re6 15. f4 exf4 16. Bxf4 Rg6 17. Nh5 Ne6 18. Bg3 Nd4 19. Bh4 f6 20. c3 Nxf5 21. exf5 Rh6 22.
Qg4 Kh8 23. d4 a3 24. b3 Qe8 25. Nf4 Bxf5 26. Qxf5 Rxh4 27. Rae1 Qf7 28. Re4 Rh6 29.
Ne6 Bd6 30. h3 Rh5 31. Qf3 Re8 32. Rfe1 Rg8 33. R4e3 c5 34. d5 c4 35. bxc4 bxc4 36. Qg4 Qg6 37. Qxc4 Re5 38. Qe2 Rxd5 39. Nd4 Re5 40.
Nf3 Rxe3 41. Qxe3 Qg3 42. c4 Bf4 43. Qxa3 h6 44. Qd3 Rb8 45. a4 c5 46. a5 Ra8 47.
a6 h5 48. Qd5 Rf8 49. Qxh5+ Kg8 50. Qd5+ Kh7 51. Qxc5 Rd8 52. Qf5+ Kg8 53. Qe6+ Kh7 54.
Qe4+ Kg8 55. a7 Bc7 56. a8=Q Rxa8 57. Qxa8+ Kh7 58. Qe4+ g6 59. Qe7+ Kh6 60. Qf8+ Kh5 61. Qh8# 1-0

[Event "*** SCC Grand Prix: Titled Tuesday Blitz"]
[Site "Chess.com"]
[Date "2020.07.21"]
[Round "5"]
[White "OhanyanEminChess"]
[Black "CzechmVIII"]
[Result "0-1"]
[WhiteElo "2431"]
[BlackElo "2199"]
[TimeControl "180+1"]
[EndTime "10:56:37 PDT"]
[Termination "CzechmVIII won on time"]

1. e4 c5 2. Nf3 d6 3. d4 cxd4 4.
Nxd4 Nf6 5. Nc3 g6 6. Be3 Bg7 7. f3 Nc6 8. Qd2 O-O 9. O-O-O d5 10. exd5 Nxd5 11. Nxc6 bxc6 12. Bd4 Nxc3 13. Qxc3 Bh6+ 14. Be3 Bxe3+ 15. Qxe3 Qb6 16. Qxe7 Be6 17. Qa3 Rad8 18. Bd3 Rd5 19. b3 Rfd8 20. Qb2 c5 21. Be2 Rxd1+ 22. Rxd1 Rxd1+ 23. Bxd1 c4 24. Qf6 Qe3+ 25. Kb2 Qd2 26. Be2 Qxe2 27. Qd8+ Kg7 28. Qd4+ Kg8 29. Qxa7 cxb3 30.
axb3 Bf5 31. Qc5 Qxg2 32. b4 Qxf3 33. b5 Be4 34. b6 Qe2 35. Qe5 Qxc2+ 36. Ka3 Qd3+ 37.
Kb4 Qd5 38. Qb8+ Kg7 39. Kc3 h5 40. h4 Qd3+ 41. Kb4 Qd5 42. Kc3 Qb7 43. Qe5+ Kh7 44. Qd4 Qc6+ 45. Kb4 Bd5 46. Qf2 Be6 47. Qd4 Qb7 48.
Ka5 Qa8+ 49. Kb4 Qd5 50. Qf2 Qc4+ 51. Ka5 Bc8 52. b7 Bxb7 53. Kb6 Qc6+ 54. Ka7 Qf3 55. Qd4 Bd5 56. Qe5 Be6 57. Qd6 Qb3 58. Qe7 Qa4+ 59. Kb6 Qb3+ 60. Ka7 Qa4+ 61. Kb6 Qd7 62. Qg5 Qd5 63. Qe7 Qd7 0-1

[Event "*** SCC Grand Prix: Titled Tuesday Blitz"]
[Site "Chess.com"]
[Date "2020.07.21"]
[Round "5"]
[White "antoszu"]
[Black "KobyKalavannan"]
[Result "0-1"]
[WhiteElo "2537"]
[BlackElo "2722"]
[TimeControl "180+1"]
[EndTime "10:56:38 PDT"]
[Termination "KobyKalavannan won by resignation"]

1. d4 Nf6 2. c4 g6 3. Nc3 Bg7 4. e4 d6 5. Be2 O-O 6. Bg5 Nc6 7.
d5 Ne5 8. Nf3 Nxf3+ 9. Bxf3 e5 10. Qd2 Bd7 11. O-O-O Qc8 12. Be2 a5 13. h4 Nh5 14.
Bxh5 gxh5 15. Bh6 f6 16. Bxg7 Kxg7 17. f4 Bg4 18. Rdf1 c6 19. fxe5 dxe5 20. Kb1 cxd5 21. cxd5 a4 22. a3 Ra6 23. Rc1 Qc4 24. Qe3 Bd7 25.
Na2 Qb5 26. Nb4 Rd6 27. Rc7 Kh8 28. Qh6 Rg8 29. Rhc1 Qe2 30. R7c4 Rxg2 31. R1c2 Qf1+ 32. Ka2 Rg8 33. Qxh5 Bb5 34. R4c3 Rd7 35. Rf3 Bc4+ 36. b3 Bxb3+ 37. Kb2 Qe1 38. Rcf2 Qxe4 39. Qh6 Qd4+ 40. Kb1 Qe4+ 41. Kb2 Qd4+ 42. Kb1 e4 43. Qxf6+ Qxf6 44. Rxf6 e3 45. Re2 Re8 46. Kb2 Bc4 47. Re1 e2 48. Kc3 Bxd5 49. Nxd5 Rxd5 50. Rf2 Rde5 51. Kb4 Re4+ 52. Kb5 Rxh4 53. Kb6 Rhe4 54. Kxb7 h5 55. Kb6 h4 56. Rh2 Kg7 57. Kb5 Kh6 58. Ka5 Kh5 59.
Kb5 R8e5+ 60. Kb6 Re3 61. Reh1 e1=Q 62. Rxh4+ Qxh4 63. Rxh4+ Kxh4 0-1

[Event "*** SCC Grand Prix: Titled Tuesday Blitz"]
[Site "Chess.com"]
[Date "2020.07.21"]
[Round "5"]
[White "Shubinkirill2003"]
[Black "turayev_shahruh17"]
[Result "0-1"]
[WhiteElo "2645"]
[BlackElo "2534"]
[TimeControl "180+1"]
[EndTime "10:56:38 PDT"]
[Termination "turayev_shahruh17 won on time"]

1. e4 e6 2. d4 d5 3. Nc3 Bb4 4. e5 Ne7 5. a3 Bxc3+ 6. bxc3 c5 7. Qg4 cxd4 8. Bd3 Qa5 9. Rb1 Nd7 10. Nf3 Ng6 11.
O-O dxc3 12. Re1 Nc5 13. Bb5+ Bd7 14. Bxd7+ Nxd7 15. Rxb7 Rb8 16. Rxb8+ Nxb8 17. h4 h5 18. Qd4 Nc6 19. Qd3 O-O 20. Qe2 Qa4 21. g3 Rb8 22. Qd3 Qc4 23. Qxc4 dxc4 24. Be3 Rb2 25. Rc1 Ngxe5 26. Nxe5 Nxe5 27. Bxa7 Nd3 28. cxd3 cxd3 29.
Be3 d2 30. Bxd2 cxd2 31. Rd1 Ra2 32. Kf1 Kh7 33. Ke2 Kg6 34. Rxd2 Rxa3 35. Kf1 Kf6 36. Kg2 g5 37. hxg5+ Kxg5 38. Rd4 Ra5 39. Rc4 Rd5 40. Rb4 e5 41. Rb7 f6 42. Rb4 Rd4 43.
Rb5 h4 44. gxh4+ Rxh4 45. Kf3 Ra4 46. Rb6 Ra3+ 47. Kg2 Kf5 48. Rc6 Ra2 49. Rb6 e4 50. Kg3 Ra3+ 51. Kg2 Ke5 52. Rb5+ Kf4 53. Rb6 f5 54. Rb4 Ra2 55. Rc4 Kg5 56. Kg1 Kg4 57. Kg2 Re2 58. Kf1 Kf3 59. Rc3+ e3 60. fxe3 Rxe3 61.
Rc8 f4 62. Ra8 Rb3 63. Kg1 Kg3 64. Rg8+ Kh3 65. Rh8+ Kg4 66. Rg8+ Kf3 67. Ra8 Rb1+ 68. Kh2 Rf1 69. Re8 Kf2 70. Ra8 Re1 0-1

[Event "*** SCC Grand Prix: Titled Tuesday Blitz"]
[Site "Chess.com"]
[Date "2020.07.21"]
[Round "5"]
[White "talaicito"]
[Black "InitiatingASC"]
[Result "1/2-1/2"]
[WhiteElo "2077"]
[BlackElo "2345"]
[TimeControl "180+1"]
[EndTime "10:56:38 PDT"]
[Termination "Game drawn by repetition"]

1. d4 Nf6 2. Nc3 e6 3. e4 d6 4. Bf4 Nbd7 5. Nf3 Be7 6. Bc4 Nh5 7. Be3 Nhf6 8. Bd3 e5 9. O-O O-O 10. d5 Re8 11. Na4 Nf8 12. c4 b6 13. b4 a5 14.
a3 Bd7 15. Nc3 Ng6 16. c5 axb4 17. axb4 bxc5 18. bxc5 Bg4 19. Rxa8 Qxa8 20. Qa1 Bxf3 21. Qxa8 Rxa8 22. gxf3 Nh5 23. Rd1 Nhf4 24. Bf1 Nh4 25. Bxf4 exf4 26. Be2 dxc5 27. Rc1 Bd6 28. Bd1 Ra3 29. Kf1 h5 30. Ke2 g5 31. Kd3 Be5 32. Kc4 Bd4 33. Nb5 Ra4+ 34. Bxa4 Nxf3 35. Nxc7 Bxf2 36. d6 Ne5+ 37. Kd5 f6 38. d7 Nxd7 39. Bxd7 Be3 40. Ne6 Bxc1 41. Nxc5 f3 42. Nd3 Be3 43. Ke6 Kg7 44. Kf5 f2 45. Nxf2 Bxf2 46. Be8 h4 47.
h3 Bd4 48. Bh5 Be5 49. Ke6 Kh6 50. Bg4 Kg7 51. Bf5 Kf8 52. Bg4 Ke8 53. Bf5 Kd8 54.
Bg4 Kc7 55. Bf5 Kb6 56. Bg4 Kc5 57. Bf5 Kd4 58. Bg4 Kxe4 59. Bf5+ Kf4 60. Bg4 Bd4 61. Bf5 Be5 62. Bg4 Kg3 63. Bf5 Kf2 64. Bg4 Kg3 65. Bf5 Bd4 66. Bg4 Kf4 67. Bf5 Bb6 68. Bg4 Bd8 69.
Bf5 Ke3 70. Bg4 Ke4 71. Bf5+ Kf4 72. Bg4 Ke3 73. Bf5 Kf4 74. Bg4 Ba5 75. Bf5 Bc3 76.
Bg4 Kg3 77. Bf5 Kf4 78. Bg4 Ba1 79. Bf5 Be5 1/2-1/2

[Event "*** SCC Grand Prix: Titled Tuesday Blitz"]
[Site "Chess.com"]
[Date "2020.07.21"]
[Round "5"]
[White "Ashedu66"]
[Black "Gerodot71"]
[Result "1-0"]
[WhiteElo "2234"]
[BlackElo "2401"]
[TimeControl "180+1"]
[EndTime "10:56:38 PDT"]
[Termination "Ashedu66 won by resignation"]

1. d4 Nf6 2. c4 e6 3. Nf3 d5 4. Nc3 dxc4 5. e4 b5 6. e5 Nd5 7.
Nxb5 Nb6 8. Nc3 Nc6 9. Be3 Bb7 10. Be2 Be7 11. O-O O-O 12. Rc1 Nb4 13. Qd2 Qd7 14. Rfd1 Rfd8 15. Bg5 Re8 16. Bxe7 Qxe7 17. Qf4 Rad8 18. Ng5 h6 19. Nge4 N6d5 20. Qg3 Kh8 21. Nc5 Ba8 22. Bxc4 f5 23. Bf1 Qf7 24. a3 Nc6 25. Nxd5 Rxd5 26. Nb3 Red8 27. Bc4 Ne7 28. Bxd5 Nxd5 29. Nc5 Rb8 30. b4 Rb6 31. f4 Bc6 32. Nb3 Ba4 33. Rd3 Bb5 34. Rd2 Ba6 35. Na5 Bb5 36.
Rdc2 Qd7 37. Rc5 a6 38. Qg6 Qe7 39. Qg3 Be8 40. h3 Bb5 41. Nc4 Bxc4 42. R1xc4 Qd7 43. Rc1 Rb7 44. Kh2 Qa4 45. Qh4 Qd7 46. Qg3 Qf7 47.
R1c2 Rb8 48. Rc6 Rg8 49. R2c5 g5 50. fxg5 Rxg5 51. Qf2 Qg7 52. Qf3 Nf4 53. g3 Nh5 54. Rxc7 Qg8 55. Rc8 Rxg3 56. Rxg8+ Rxg8 57. Qxh5 Kh7 58. Qf7+ Rg7 59. Qxg7+ Kxg7 60. Rc6 Kf7 61. Rxa6 f4 62.
b5 f3 63. Kg3 f2 64. Kxf2 1-0

[Event "*** SCC Grand Prix: Titled Tuesday Blitz"]
[Site "Chess.com"]
[Date "2020.07.21"]
[Round "5"]
[White "IANOV0007"]
[Black "chessplayer9919"]
[Result "0-1"]
[WhiteElo "2417"]
[BlackElo "2628"]
[TimeControl "180+1"]
[EndTime "10:56:39 PDT"]
[Termination "chessplayer9919 won by checkmate"]

1. Nf3 Nf6 2. g3 b6 3. b3 Bb7 4. Bg2 g6 5. Bb2 Bg7 6. O-O O-O 7. c4 c5 8. Nc3 d5 9. Nxd5 Nxd5 10. Bxg7 Kxg7 11.
cxd5 Qxd5 12. d4 cxd4 13. Qxd4+ Qxd4 14. Nxd4 Bxg2 15. Kxg2 Nd7 16. Rac1 Rfc8 17. Rfd1 Nc5 18. f3 a5 19. Kf2 Kf6 20. Ke3 e5 21. Nb5 Ne6 22.
Nd6 Rxc1 23. Rxc1 Rd8 24. Ne4+ Ke7 25. Rc6 f5 26. Nc3 Rd6 27. Rxd6 Kxd6 28. Kd3 Kc5 29. a3 Nd4 30. Na4+ Kc6 31. b4 axb4 32.
axb4 Kb5 33. Nc3+ Kxb4 34. Nd5+ Kc5 35. Nf6 b5 36. Nxh7 b4 37. Nf6 b3 38. Nd7+ Kb4 39.
Nxe5 b2 40. Kxd4 b1=Q 41. Nxg6 Qg1+ 42. Ke5 Qxh2 43. Kxf5 Qxe2 44. f4 Qd3+ 45. Kf6 Qxg3 46.
f5 Kc5 47. Ne5 Kd5 48. Nf7 Qg1 49. Nh6 Qb6+ 50. Kg5 Qe3+ 51. Kg6 Qg3+ 52. Kf6 Qd6+ 53. Kg5 Ke4 54. f6 Qf8 55. Kg6 Ke5 56. f7 Ke6 57. Kg5 Qg7+ 58. Kh5 Kf6 59. Ng4+ Kxf7 60. Kh4 Ke6 61. Kh5 Kf5 62. Nh6+ Kf4 63. Nf7 Qxf7+ 64. Kh6 Qe6+ 65. Kh5 Qd6 66. Kh4 Qh6# 0-1

[Event "*** SCC Grand Prix: Titled Tuesday Blitz"]
[Site "Chess.com"]
[Date "2020.07.21"]
[Round "5"]
[White "Flopezin"]
[Black "HanSchut"]
[Result "0-1"]
[WhiteElo "2067"]
[BlackElo "2313"]
[TimeControl "180+1"]
[EndTime "10:56:42 PDT"]
[Termination "HanSchut won by resignation"]

1. c4 Nf6 2. Nc3 d5 3. cxd5 Nxd5 4. g3 c5 5. Bg2 Nc7 6. Nf3 Nc6 7. O-O e5 8. d3 Be7 9. b3 f6 10. Bb2 Be6 11.
Rc1 Qd7 12. Qd2 Rc8 13. Rfd1 O-O 14. e3 Rfd8 15. Ne2 Nb4 16. d4 exd4 17. exd4 Nxa2 18. Ra1 Bxb3 19. Re1 c4 20. Nc3 Bb4 21. Rxa2 Bxa2 22.
Ra1 Bb3 23. Rxa7 Nb5 24. Ra1 Nxc3 25. Bxc3 Bxc3 26. Qxc3 b5 27. d5 Qxd5 28. Re1 Qd3 29. Qb4 Re8 30. Rc1 Rb8 31. h4 h6 32. h5 Bd1 33.
Nh4 Re2 34. Bf1 Rbe8 35. Ng2 Qd5 36. Nf4 Qf3 37. Bxe2 Bxe2 38. Qxb5 Rf8 39. Re1 Bd3 40. Qd7 Kh8 41. Qe7 Rg8 42. Ng6+ Kh7 43. Nf8+ Kh8 44.
Ng6+ Kh7 45. Nf8+ Kh8 46. Qe3 Qxe3 47. Ng6+ Kh7 48. Rxe3 Bxg6 49. hxg6+ Kxg6 50. Rc3 Rc8 51. f4 Kf5 52. Kf2 Ke4 53. Re3+ Kd4 54. Ke2 c3 55. Re7 c2 56. Rd7+ Ke4 0-1

[Event "*** SCC Grand Prix: Titled Tuesday Blitz"]
[Site "Chess.com"]
[Date "2020.07.21"]
[Round "5"]
[White "Chuchofrio1"]
[Black "GustavoJuarezF"]
[Result "0-1"]
[WhiteElo "2283"]
[BlackElo "2032"]
[TimeControl "180+1"]
[EndTime "10:56:42 PDT"]
[Termination "GustavoJuarezF won on time"]

1. d4 d5 2. c4 c6 3. cxd5 cxd5 4. Bf4 a6 5. Nc3 Nc6 6. e3 Nf6 7. Bd3 e6 8. Rc1 Bd6 9. Bxd6 Qxd6 10. f4 O-O 11. Nf3 b5 12. a3 Bd7 13. O-O Rac8 14. Ne5 Na5 15. Qf3 Nc4 16. Rf2 a5 17. Rfc2 b4 18.
axb4 axb4 19. Ne2 b3 20. Rxc4 dxc4 21. Rxc4 Rxc4 22. Nxc4 Qd5 23. e4 Qa8 24. g4 Bb5 25. g5 Nd7 26. f5 Qa1+ 27. Kg2 exf5 28. exf5 Bxc4 29. Bxc4 Qxb2 30. g6 Nf6 31. gxf7+ Kh8 32. Kg3 Qc2 33. Be6 b2 34. Ba2 b1=Q 35. Bxb1 Qxb1 36. Nf4 Qe1+ 37. Kh3 Qe7 38. Ne6 Nd7 39. Nxf8 Nxf8 40. Qd5 Qf6 41. Qa8 Qxf5+ 42. Kg3 Qxf7 43. d5 h6 44. d6 Qf6 45. d7 Qd6+ 46. Kh3 Qxd7+ 47. Kh4 Qe7+ 48. Kg4 Kh7 49. Qd5 Ng6 50. Qf5 Qg5+ 51. Qxg5 hxg5 52. Kxg5 Ne5 53. h4 Nf3+ 54. Kg4 Nxh4 55. Kxh4 Kh6 56. Kg4 Kg6 57. Kh4 Kf5 58. Kh5 g5 59. Kh6 Kf4 60. Kh7 g4 61.
Kg6 g3 62. Kh6 g2 63. Kh7 g1=Q 64. Kh8 Kf5 65. Kh7 Kf6 0-1

[Event "*** SCC Grand Prix: Titled Tuesday Blitz"]
[Site "Chess.com"]
[Date "2020.07.21"]
[Round "5"]
[White "olksuna"]
[Black "sergiochess83"]
[Result "0-1"]
[WhiteElo "2626"]
[BlackElo "2842"]
[TimeControl "180+1"]
[EndTime "10:56:43 PDT"]
[Termination "sergiochess83 won by resignation"]

1. Nf3 d5 2. g3 c6 3. Bg2 Bg4 4. O-O e6 5. h3 Bh5 6. d4 Nf6 7. c4 Be7 8. Nc3 Nbd7 9. Ne5 O-O 10. Qb3 Nxe5 11. dxe5 Nd7 12. cxd5 cxd5 13. Qxb7 Nxe5 14.
Bf4 Nc4 15. b3 Nd6 16. Qa6 Qc8 17. Qd3 Bg6 18. Qd2 Qa6 19. Rac1 Rac8 20. Rfe1 Rfd8 21. Na4 Ne4 22. Qb2 Bf6 23. Rxc8 Rxc8 24. Be5 Bxe5 25. Qxe5 h6 26. h4 Qd6 27. Qd4 Rc7 28. Bf3 e5 29. Qb2 d4 30. h5 Bf5 31. Rc1 Ng5 32. Bg2 Rxc1+ 33. Qxc1 e4 34. Qc5 Qd7 35. Qc4 d3 36. exd3 exd3 37. Nc3 d2 38. Nd1 Bg4 39. Qc2 Bxh5 40.
f4 Nf3+ 41. Bxf3 Bxf3 42. Kf2 Bg4 43. Ke3 Qe6+ 44. Kxd2 Qe2+ 45. Kc3 Qe1+ 46. Qd2 Qxd1 47. Qe3 Qa1+ 48. Kb4 Qxa2 49. Qe8+ Kh7 50. Qxf7 Qd2+ 51. Ka3 Qd3 52. Qe7 Qxg3 53. Qxa7 Bf5 54. Qc5 Qd3 55.
Ka4 Bd7+ 56. Ka5 Qxb3 57. f5 Qa2+ 58. Kb6 Qd2 59. Kc7 Be8 60. f6 Qd7+ 61. Kb8 gxf6 62. Qf8 Qg7 63. Qxe8 Qg8 64. Ka7 Qxe8 0-1

[Event "*** SCC Grand Prix: Titled Tuesday Blitz"]
[Site "Chess.com"]
[Date "2020.07.21"]
[Round "5"]
[White "AquivaRubinstein"]
[Black "ItsCheckM8Mate"]
[Result "1-0"]
[WhiteElo "2468"]
[BlackElo "2294"]
[TimeControl "180+1"]
[EndTime "10:56:48 PDT"]
[Termination "AquivaRubinstein won on time"]

1. d4 Nf6 2. c4 c5 3. d5 b5 4. cxb5 a6 5. f3 e6 6. e4 axb5 7. Bxb5 Bb7 8. Nc3 exd5 9. exd5 Bd6 10. Nge2 Qb6 11. O-O O-O 12. a4 Na6 13. a5 Qd8 14. Bg5 h6 15. Bh4 Nc7 16. Bc4 Ba6 17. b3 Qe7 18. Ne4 g5 19. Bf2 Nxe4 20. fxe4 Qxe4 21. Ng3 Qg6 22. Qf3 f5 23. Rae1 Bxc4 24. bxc4 Rxa5 25. Qc3 Ra2 26. Qb3 Raa8 27. Re2 Rab8 28. Qc2 Na6 29. Rfe1 Nb4 30. Qc3 Kh7 31. Nh1 Kg8 32. Bg3 f4 33. Bf2 Rbe8 34. Qd2 Rxe2 35. Rxe2 Re8 36. Qe1 Rxe2 37.
Qxe2 Qb1+ 38. Be1 Nc2 39. Kf1 Nxe1 40. Qxe1 Qd3+ 41. Kg1 Qxc4 42. Nf2 Qxd5 43. Qe8+ Bf8 44. h3 c4 45. Qg6+ Kh8 46. Ng4 Qe6 47. Qc2 Qe1+ 48. Kh2 Qg3+ 49. Kg1 Qe1+ 50. Kh2 Qe6 51. Qc3+ Bg7 52.
Qc2 d5 53. Nf2 d4 54. Ng4 d3 55. Qa4 Qe1 56. Qa8+ Kh7 57. Qd5 1-0

[Event "*** SCC Grand Prix: Titled Tuesday Blitz"]
[Site "Chess.com"]
[Date "2020.07.21"]
[Round "5"]
[White "Igor_Lysyj"]
[Black "OparinGrigoriy"]
[Result "1/2-1/2"]
[WhiteElo "2824"]
[BlackElo "2938"]
[TimeControl "180+1"]
[EndTime "10:56:50 PDT"]
[Termination "Game drawn - insufficient material"]

1. d4 Nf6 2. c4 e6 3. Nf3 Bb4+ 4. Bd2 a5 5. g3 d5 6. Bg2 O-O 7. a3 Be7 8. Qc2 c6 9. O-O Nbd7 10. Bf4 Nh5 11.
Bc1 Nhf6 12. Nbd2 b6 13. e4 Ba6 14. e5 Ne8 15. Re1 Rc8 16. cxd5 cxd5 17. Qd1 Bd3 18.
Nb1 Bg6 19. Nc3 Nc7 20. Qb3 b5 21. Nxb5 Rb8 22. a4 Nxb5 23. axb5 Bb4 24. Bd2 Rxb5 25. Bc3 Rb8 26. Qd1 Qb6 27. Qa4 Rb7 28. Bxb4 Qxb4 29.
Qxa5 Qxa5 30. Rxa5 Rxb2 31. Ra7 Nb6 32. Rb7 Nc4 33.
Rxb2 Nxb2 34. Bf1 Rc8 35. Nh4 Be4 36. f3 Bd3 37. Bxd3 Nxd3 38. Rd1 Nb4 39. Ng2 Nc2 40.
Nf4 Rc4 41. Ne2 g5 42. Kf2 f6 43. exf6 Kf7 44. g4 Kxf6 45. Kg3 Rb4 46. Rd2 Ne3 47.
Kf2 Nc4 48. Ra2 h6 49. Ng3 e5 50. Ra6+ Nb6 51. dxe5+ Kxe5 52. Nf5 Rb2+ 53. Kg3 h5 54. h4 hxg4 55. fxg4 Rb3+ 56. Kf2 gxh4 57. Nxh4 Nc4 58. Ng6+ Kd4 59. Ne7 Ne5 60. Rd6 Nxg4+ 61. Ke2 Ne3 62. Nxd5 Nxd5 63. Rd8 Rb2+ 64. Kf3 Rb1 65. Rd7 Rb8 66.
Rg7 Rb3+ 67. Ke2 Nf4+ 68. Kf2 Ke5 69. Re7+ Ne6 70. Re8 Kf5 71. Ke2 Nd4+ 72. Kd2 Rb6 73. Rf8+ Rf6 74. Rxf6+ Kxf6 1/2-1/2